General information
- name: BNet
- type: Ladder team game (AT/RT)
- host: Battle.net
- saver: GTA5BADREVIEWS
map: FullScaleAssault
- players: 8
- length: 64:59
- speed: Fast
- version: 1.24 W3XP
- replay type: Public
» download(282 KB)
Players
team 1 (winner)
auitooliveira (
blue | 55 APM | 1697 actions | 30:39)
5 Warden
2 Shadow Strike
3 Blink
1 Keeper of the Grove
1 Entangling Roots
» actions
| Assign group hotkey | 14 | |
| Build / train | 84 | |
| Enter build submenu | 27 | |
| Enter hero's abilities submenu | 6 | |
| Give item / drop item | 3 | |
| Remove unit from queue | 7 | |
| Right click | 916 | |
| Select / deselect | 398 | |
| Select group hotkey | 176 | |
| Use ability | 66 | |
1697 total
» units
» upgrades
| Strength of the Wild | 3 | |
| Ultravision | 1 | |
| Reinforced Hides | 3 | |
| Well Spring | 1 | |
| Abolish Magic | 1 | |
| Corrosive Breath | 1 | |
| Backpack | 1 | |
11 total
» buildings
| Moon Well | 8 | |
| Altar of Elders | 1 | |
| Hunter's Hall | 1 | |
| Ancient of Wonders | 1 | |
| Ancient of War | 1 | |
| Tree of Ages | 1 | |
| Ancient Protector | 7 | |
| Ancient of Lore | 2 | |
| Tree of Eternity | 1 | |
| Ancient of Wind | 1 | |
| Chimaera Roost | 1 | |
| Tree of Life | 2 | |
27 total
» build order
00:07 Moon Well
00:20 Altar of Elders
01:01 Moon Well
01:59 Hunter's Hall
02:55 Ancient of Wonders
03:50 Moon Well
04:14 Ancient of War
05:28 Tree of Ages
06:09 Ancient Protector
06:48 Moon Well
07:56 Ancient of Lore
08:49 Tree of Eternity
09:17 Ancient of Wind
10:37 Ancient of Lore
11:18 Chimaera Roost
11:34 Moon Well
12:41 Ancient Protector
15:09 Tree of Life
15:19 Moon Well
15:33 Ancient Protector
15:38 Ancient Protector
17:09 Moon Well
19:10 Moon Well
19:19 Ancient Protector
19:24 Ancient Protector
19:28 Ancient Protector
21:19 Tree of Life
» items
| Staff of Preservation | 1 | |
| Orb of Venom | 1 | |
2 total

»
nexuslair (
pink | 37 APM | 2435 actions | 64:59)
6 Blademaster
2 Wind Walk
2 Critical Strike
1 Mirror Image
1 Bladestorm
1 Shadow Hunter
1 Healing Wave
» actions
| Assign group hotkey | 147 | |
| Basic commands | 184 | |
| Build / train | 104 | |
| ESC pressed | 1 | |
| Enter build submenu | 58 | |
| Enter hero's abilities submenu | 7 | |
| Give item / drop item | 1 | |
| Right click | 944 | |
| Select / deselect | 542 | |
| Select group hotkey | 340 | |
| Use ability | 107 | |
2435 total
» units
| Peon | 21 | |
| Grunt | 5 | |
| Demolisher | 4 | |
| Wind Rider | 44 | |
| Goblin Zeppelin | 3 | |
| Wisp | 1 | |
78 total
» upgrades
| Armor | 3 | |
| Ranged Weapons | 3 | |
| Envenomed Spears | 1 | |
| Spiked Barricades | 1 | |
8 total
» buildings
| Altar of Storms | 1 | |
| Orc Burrow | 14 | |
| War Mill | 2 | |
| Barracks | 1 | |
| Voodoo Lounge | 1 | |
| Stronghold | 4 | |
| Fortress | 1 | |
| Beastiary | 8 | |
| Great Hall | 7 | |
| Watch Tower | 11 | |
| Tree of Life | 1 | |
| Moon Well | 1 | |
52 total
» build order
00:09 Altar of Storms
00:12 Orc Burrow
00:22 War Mill
01:49 Barracks
02:10 Orc Burrow
02:23 Voodoo Lounge
06:03 Stronghold
08:43 Orc Burrow
08:48 Orc Burrow
08:49 Orc Burrow
09:29 Fortress
09:54 Beastiary
10:00 Beastiary
11:26 Orc Burrow
11:29 Orc Burrow
11:30 Orc Burrow
15:42 Great Hall
40:30 War Mill
40:42 Great Hall
42:39 Great Hall
43:16 Watch Tower
44:41 Great Hall
45:14 Stronghold
47:05 Watch Tower
47:08 Watch Tower
47:10 Watch Tower
47:16 Watch Tower
47:17 Watch Tower
47:19 Watch Tower
47:21 Watch Tower
47:23 Watch Tower
47:36 Watch Tower
47:41 Beastiary
49:17 Orc Burrow
49:21 Orc Burrow
49:22 Orc Burrow
49:58 Watch Tower
50:10 Orc Burrow
50:36 Stronghold
50:46 Tree of Life
50:52 Moon Well
51:08 Orc Burrow
52:37 Stronghold
53:27 Beastiary
53:37 Beastiary
54:02 Orc Burrow
57:16 Great Hall
57:31 Beastiary
57:34 Beastiary
57:42 Beastiary
58:26 Great Hall
59:56 Great Hall
» items
| Healing Salve | 1 | |
| Lesser Clarity Potion | 2 | |
| Scroll of Town Portal | 1 | |
4 total

»
jazzy3147 (
teal | 32 APM | 934 actions | 29:16)
5 Far Seer
2 Feral Spirit
3 Chain Lighting
» actions
| Basic commands | 5 | |
| Build / train | 66 | |
| ESC pressed | 1 | |
| Enter build submenu | 17 | |
| Enter hero's abilities submenu | 5 | |
| Give item / drop item | 1 | |
| Remove unit from queue | 3 | |
| Right click | 337 | |
| Select / deselect | 465 | |
| Use ability | 34 | |
934 total
» units
| Peon | 15 | |
| Troll Headhunter/Berserker | 19 | |
| Tauren | 7 | |
| Demolisher | 2 | |
43 total
» upgrades
| Armor | 3 | |
| Spiked Barricades | 1 | |
| Melee Weapons | 3 | |
| Berserker Upgrade | 1 | |
| Pulverize | 1 | |
| Ranged Weapons | 3 | |
12 total
» buildings
| Altar of Storms | 1 | |
| Orc Burrow | 8 | |
| Barracks | 1 | |
| War Mill | 1 | |
| Stronghold | 1 | |
| Fortress | 1 | |
| Great Hall | 1 | |
| Tauren Totem | 2 | |
16 total
» build order
00:10 Altar of Storms
00:11 Orc Burrow
01:05 Barracks
01:38 War Mill
02:10 Orc Burrow
02:38 Orc Burrow
03:40 Stronghold
04:07 Orc Burrow
05:18 Orc Burrow
06:13 Fortress
06:58 Orc Burrow
08:55 Great Hall
09:06 Tauren Totem
09:08 Tauren Totem
14:09 Orc Burrow
15:23 Orc Burrow
KODO (
orange | 23 APM | 719 actions | 30:59)
7 Blademaster
3 Wind Walk
3 Critical Strike
1 Bladestorm
» actions
| Build / train | 77 | |
| Enter build submenu | 23 | |
| Enter hero's abilities submenu | 5 | |
| Right click | 214 | |
| Select / deselect | 293 | |
| Use ability | 107 | |
719 total
» units
| Peon | 14 | |
| Troll Batrider | 33 | |
| Goblin Zeppelin | 3 | |
| Hippogryph | 3 | |
53 total
» upgrades
| Ranged Weapons | 3 | |
| Liquid Fire | 1 | |
| Reinforced Defenses | 1 | |
| Armor | 1 | |
6 total
» buildings
| War Mill | 1 | |
| Stronghold | 1 | |
| Orc Burrow | 4 | |
| Altar of Storms | 1 | |
| Beastiary | 2 | |
| Fortress | 1 | |
| Voodoo Lounge | 1 | |
| Great Hall | 1 | |
| Watch Tower | 13 | |
25 total
» build order
00:26 War Mill
01:28 Stronghold
01:36 Orc Burrow
01:54 Altar of Storms
04:03 Beastiary
04:06 Beastiary
04:29 Fortress
04:49 Voodoo Lounge
05:14 Orc Burrow
05:20 Orc Burrow
06:49 Orc Burrow
23:19 Great Hall
23:22 Watch Tower
23:24 Watch Tower
26:15 Watch Tower
26:17 Watch Tower
28:48 Watch Tower
28:50 Watch Tower
28:52 Watch Tower
28:54 Watch Tower
28:56 Watch Tower
29:46 Watch Tower
30:11 Watch Tower
30:13 Watch Tower
30:14 Watch Tower
» items
| Potion of Invisibility | 2 | |
| Boots of Speed | 1 | |
| Orb of Lightning | 1 | |
| Lesser Clarity Potion | 1 | |
| Healing Salve | 1 | |
| Scroll of Town Portal | 1 | |
| Potion of Healing | 1 | |
8 total
team 2 (loser)

»
tboyle1244 (
yellow | 43 APM | 2066 actions | 48:24)
10 Blademaster
3 Wind Walk
3 Critical Strike
1 Bladestorm
3 Mirror Image
1 Warden
1 Fan of Knives
» actions
| Assign group hotkey | 3 | |
| Basic commands | 37 | |
| Build / train | 85 | |
| ESC pressed | 22 | |
| Enter build submenu | 39 | |
| Enter hero's abilities submenu | 11 | |
| Right click | 1249 | |
| Select / deselect | 474 | |
| Select group hotkey | 6 | |
| Use ability | 140 | |
2066 total
» units
| Peon | 25 | |
| Wind Rider | 13 | |
| Troll Batrider | 5 | |
| Raider | 1 | |
| Chimaera | 9 | |
53 total
» upgrades
| Ranged Weapons | 3 | |
| Armor | 3 | |
| Envenomed Spears | 1 | |
| Corrosive Breath | 2 | |
9 total
» buildings
| Altar of Storms | 1 | |
| Orc Burrow | 8 | |
| Voodoo Lounge | 1 | |
| Stronghold | 1 | |
| War Mill | 1 | |
| Beastiary | 3 | |
| Great Hall | 1 | |
| Watch Tower | 20 | |
| Fortress | 2 | |
| Chimaera Roost | 3 | |
41 total
» build order
00:11 Altar of Storms
00:19 Orc Burrow
00:53 Voodoo Lounge
02:30 Stronghold
02:49 Orc Burrow
03:50 Orc Burrow
03:59 War Mill
05:04 Beastiary
05:15 Beastiary
05:18 Beastiary
07:44 Orc Burrow
08:15 Orc Burrow
09:14 Great Hall
13:21 Watch Tower
13:25 Watch Tower
13:28 Watch Tower
13:31 Watch Tower
14:37 Watch Tower
14:40 Watch Tower
14:45 Watch Tower
14:50 Watch Tower
16:05 Watch Tower
16:08 Watch Tower
16:09 Watch Tower
16:13 Watch Tower
17:11 Orc Burrow
17:26 Orc Burrow
18:07 Fortress
21:44 Orc Burrow
22:12 Watch Tower
22:14 Watch Tower
22:18 Watch Tower
26:31 Watch Tower
26:33 Watch Tower
26:38 Watch Tower
26:39 Watch Tower
26:44 Watch Tower
33:31 Chimaera Roost
33:31 Chimaera Roost
33:32 Chimaera Roost
» items
| Healing Salve | 2 | |
| Lesser Clarity Potion | 3 | |
| Staff of Teleportation | 1 | |
| Orb of Lightning | 1 | |
| Scroll of Town Portal | 1 | |
8 total

»
Vander[Xbra] (
green | 52 APM | 1713 actions | 33:03)
9 Warden
3 Shadow Strike
3 Blink
1 Spirit of Vengeance
2 Fan of Knives
» actions
| Basic commands | 18 | |
| Build / train | 115 | |
| Enter build submenu | 61 | |
| Enter hero's abilities submenu | 9 | |
| Give item / drop item | 4 | |
| Remove unit from queue | 1 | |
| Right click | 918 | |
| Select / deselect | 430 | |
| Use ability | 157 | |
1713 total
» units
| Wisp | 51 | |
| Hippogryph | 16 | |
| Faerie Dragon | 1 | |
| Makrura Snapper | 1 | |
| Mur'gul Snarecaster | 2 | |
| Makrura Deepseer | 2 | |
| Giant Sea Turtle | 3 | |
| Blue Dragon | 1 | |
| Blue Drake | 1 | |
| Blue Dragon Whelp | 1 | |
79 total
» upgrades
| Strength of the Wild | 3 | |
| Reinforced Hides | 3 | |
| Well Spring | 1 | |
| Ultravision | 1 | |
8 total
» buildings
| Moon Well | 8 | |
| Altar of Elders | 1 | |
| Hunter's Hall | 1 | |
| Ancient of Wonders | 1 | |
| Tree of Ages | 4 | |
| Tree of Eternity | 1 | |
| Ancient of Wind | 2 | |
| Tree of Life | 1 | |
| Ancient Protector | 41 | |
60 total
» build order
00:18 Moon Well
00:40 Altar of Elders
02:02 Hunter's Hall
02:16 Ancient of Wonders
02:38 Tree of Ages
02:38 Tree of Ages
02:38 Tree of Ages
02:56 Moon Well
03:02 Moon Well
03:59 Moon Well
05:03 Tree of Eternity
05:42 Ancient of Wind
05:43 Ancient of Wind
09:06 Moon Well
09:08 Moon Well
09:18 Moon Well
09:19 Moon Well
10:42 Tree of Life
10:50 Ancient Protector
14:38 Ancient Protector
15:11 Ancient Protector
15:14 Ancient Protector
15:32 Ancient Protector
15:41 Ancient Protector
15:51 Ancient Protector
15:52 Ancient Protector
15:53 Ancient Protector
15:54 Ancient Protector
15:55 Ancient Protector
16:04 Ancient Protector
16:05 Ancient Protector
16:07 Ancient Protector
16:14 Ancient Protector
16:17 Ancient Protector
17:01 Ancient Protector
17:03 Ancient Protector
17:33 Ancient Protector
18:15 Ancient Protector
18:59 Ancient Protector
19:11 Ancient Protector
19:14 Ancient Protector
21:09 Ancient Protector
21:12 Ancient Protector
21:19 Ancient Protector
21:20 Ancient Protector
21:21 Ancient Protector
21:33 Ancient Protector
21:46 Ancient Protector
21:58 Ancient Protector
21:59 Ancient Protector
22:04 Ancient Protector
22:14 Ancient Protector
22:28 Ancient Protector
27:13 Ancient Protector
27:16 Ancient Protector
27:18 Ancient Protector
27:20 Ancient Protector
27:21 Ancient Protector
27:25 Ancient Protector
» items
| Healing Salve | 1 | |
| Lesser Clarity Potion | 1 | |
| Dust of Appearance | 2 | |
| Potion of Healing | 1 | |
| Orb of Venom | 1 | |
| Scroll of Town Portal | 1 | |
7 total
GTA5BADREVIEWS (
purple | 44 APM | 2849 actions | 64:59)
8 Death Knight
3 Death Coil
3 Unholy Aura
1 Animate Dead
1 Death Pact
» actions
| Assign group hotkey | 29 | |
| Basic commands | 161 | |
| Build / train | 125 | |
| Enter build submenu | 49 | |
| Enter hero's abilities submenu | 8 | |
| Give item / drop item | 3 | |
| Remove unit from queue | 2 | |
| Right click | 1019 | |
| Select / deselect | 359 | |
| Select group hotkey | 847 | |
| Use ability | 247 | |
2849 total
» units
| Acolyte | 21 | |
| Ghoul | 4 | |
| Gargoyle | 18 | |
| Goblin Shredder | 1 | |
| Goblin Zeppelin | 2 | |
| Chimaera | 3 | |
49 total
» upgrades
| Creature Attack | 2 | |
| Creature Carapace | 2 | |
4 total
» buildings
| Ziggurat | 73 | |
| Crypt | 3 | |
| Altar of Darkness | 1 | |
| Tomb of Relics | 3 | |
| Graveyard | 2 | |
| Nerubian Tower | 4 | |
| Spirit Tower | 33 | |
| Necropolis | 5 | |
| Halls of the Dead | 2 | |
| Black Citadel | 1 | |
| Sacrificial Pit | 2 | |
129 total
» build order
00:14 Ziggurat
00:18 Crypt
00:36 Altar of Darkness
01:04 Ziggurat
01:30 Tomb of Relics
02:15 Graveyard
02:27 Nerubian Tower
04:31 Spirit Tower
05:07 Ziggurat
05:07 Ziggurat
05:08 Ziggurat
05:09 Ziggurat
05:09 Ziggurat
05:09 Ziggurat
06:04 Spirit Tower
06:04 Spirit Tower
06:07 Spirit Tower
06:09 Spirit Tower
06:11 Spirit Tower
06:19 Spirit Tower
06:36 Ziggurat
06:51 Ziggurat
07:35 Spirit Tower
07:35 Spirit Tower
07:39 Ziggurat
07:44 Ziggurat
08:16 Spirit Tower
08:36 Spirit Tower
08:46 Spirit Tower
12:52 Ziggurat
12:52 Ziggurat
12:53 Ziggurat
12:53 Ziggurat
13:08 Ziggurat
13:09 Ziggurat
13:09 Ziggurat
13:10 Ziggurat
13:11 Ziggurat
13:12 Ziggurat
13:12 Ziggurat
13:13 Ziggurat
13:13 Ziggurat
13:14 Ziggurat
13:16 Ziggurat
13:19 Ziggurat
14:07 Spirit Tower
14:21 Spirit Tower
14:21 Spirit Tower
14:21 Spirit Tower
14:21 Spirit Tower
14:54 Spirit Tower
14:57 Ziggurat
14:59 Ziggurat
15:00 Ziggurat
15:02 Ziggurat
15:04 Ziggurat
15:05 Ziggurat
15:07 Ziggurat
15:08 Ziggurat
15:12 Ziggurat
15:13 Ziggurat
15:56 Tomb of Relics
16:00 Tomb of Relics
16:05 Spirit Tower
16:08 Spirit Tower
16:30 Spirit Tower
16:31 Spirit Tower
16:35 Ziggurat
16:37 Ziggurat
17:06 Ziggurat
17:08 Ziggurat
17:09 Ziggurat
17:14 Ziggurat
17:15 Ziggurat
17:42 Nerubian Tower
19:33 Spirit Tower
19:44 Ziggurat
19:46 Ziggurat
19:58 Ziggurat
20:00 Ziggurat
20:01 Ziggurat
20:01 Ziggurat
20:51 Spirit Tower
21:21 Spirit Tower
21:21 Spirit Tower
22:38 Necropolis
24:03 Ziggurat
24:04 Ziggurat
24:04 Ziggurat
24:08 Ziggurat
24:08 Ziggurat
24:09 Ziggurat
24:10 Ziggurat
24:16 Ziggurat
24:23 Ziggurat
24:24 Ziggurat
24:25 Ziggurat
24:30 Halls of the Dead
24:30 Halls of the Dead
24:37 Crypt
24:46 Crypt
25:29 Spirit Tower
26:10 Graveyard
34:25 Nerubian Tower
37:15 Black Citadel
37:22 Necropolis
38:58 Necropolis
39:31 Ziggurat
39:32 Ziggurat
39:33 Ziggurat
39:33 Ziggurat
39:34 Ziggurat
39:35 Ziggurat
39:35 Ziggurat
39:35 Ziggurat
39:36 Ziggurat
53:09 Sacrificial Pit
53:12 Sacrificial Pit
53:47 Nerubian Tower
58:15 Necropolis
61:26 Necropolis
» items
| Rod of Necromancy | 1 | |
| Sacrificial Skull | 4 | |
| Staff of Teleportation | 4 | |
| Orb of Venom | 1 | |
| Dust of Appearance | 2 | |
| Potion of Lesser Invulnerability | 2 | |
| Potion of Invisibility | 2 | |
| Boots of Speed | 2 | |
18 total

»
nooberfett (
red | 31 APM | 1378 actions | 45:08)
5 Death Knight
3 Unholy Aura
2 Death Coil
» actions
| Assign group hotkey | 5 | |
| Basic commands | 61 | |
| Build / train | 64 | |
| Enter build submenu | 23 | |
| Enter hero's abilities submenu | 5 | |
| Give item / drop item | 2 | |
| Remove unit from queue | 3 | |
| Right click | 864 | |
| Select / deselect | 255 | |
| Select group hotkey | 50 | |
| Use ability | 46 | |
1378 total
» units
| Acolyte | 10 | |
| Ghoul | 4 | |
| Crypt Fiend | 7 | |
| Abomination | 5 | |
| Frost Wyrm | 12 | |
38 total
» upgrades
| Unholy Strength | 1 | |
| Web | 1 | |
| Disease Cloud | 1 | |
| Freezing Breath | 1 | |
| Creature Attack | 3 | |
| Creature Carapace | 3 | |
10 total
» buildings
| Ziggurat | 13 | |
| Altar of Darkness | 2 | |
| Crypt | 1 | |
| Graveyard | 1 | |
| Halls of the Dead | 1 | |
| Tomb of Relics | 1 | |
| Slaughterhouse | 3 | |
| Black Citadel | 1 | |
| Nerubian Tower | 2 | |
| Spirit Tower | 2 | |
| Sacrificial Pit | 1 | |
| Boneyard | 3 | |
31 total
» build order
00:21 Ziggurat
00:24 Altar of Darkness
00:35 Altar of Darkness
00:39 Crypt
01:44 Ziggurat
02:32 Graveyard
03:11 Ziggurat
03:15 Ziggurat
03:18 Ziggurat
03:37 Ziggurat
04:05 Halls of the Dead
05:28 Tomb of Relics
06:50 Slaughterhouse
07:03 Slaughterhouse
07:06 Slaughterhouse
08:44 Black Citadel
09:29 Ziggurat
09:32 Ziggurat
09:33 Ziggurat
09:35 Ziggurat
09:39 Ziggurat
09:40 Ziggurat
09:42 Ziggurat
11:15 Nerubian Tower
11:16 Nerubian Tower
11:18 Spirit Tower
12:10 Spirit Tower
16:11 Sacrificial Pit
17:11 Boneyard
17:12 Boneyard
17:14 Boneyard
» items
Chat log
(00:43 / Allies) tboyle1244: going wyves
(00:47 / Allies) Vander[Xbra]: mass airs
(00:55 / Allies) nooberfett: aboms
(04:02 / All) auitooliveira: yo bm go fuck ur as
(04:14 / All) tboyle1244: well.. that's not really possible
(04:22 / All) auitooliveira: it is
(04:25 / All) auitooliveira: just get a broom
(04:28 / All) tboyle1244: no.. i've tried ;)
(04:32 / All) auitooliveira: lol
(04:57 / All) Vander[Xbra]: Fluminense *-*
(05:06 / All) auitooliveira: -_-' brasileiro?
(05:13 / All) Vander[Xbra]: sim :D
(05:15 / All) auitooliveira: ;)
(05:57 / All) tboyle1244: oh my asshole!
(06:15 / Allies) tboyle1244: ......
(06:19 / Allies) nooberfett: ?
(06:24 / Allies) GTA5BADREVIEWS: tower top ho's
(06:29 / Allies) tboyle1244: purp..
(06:30 / Allies) tboyle1244: why?
(06:45 / Allies) GTA5BADREVIEWS: its already been done, no reason to protest it
(06:55 / Allies) tboyle1244: unsummon?
(07:01 / Allies) tboyle1244: idk i just feel like you're wasting resources
(07:03 / Allies) GTA5BADREVIEWS: red come here god dammit
(07:08 / Allies) nooberfett: .
(07:26 / Allies) nooberfett: bottom?
(08:43 / Allies) GTA5BADREVIEWS: yellow and green tower the top god dammit
(08:55 / Allies) Vander[Xbra]: k
(11:37 / All) tboyle1244: ..
(13:27 / Allies) GTA5BADREVIEWS: defend these towers
(13:28 / Allies) GTA5BADREVIEWS: yellow
(13:32 / Allies) GTA5BADREVIEWS: make urself useful
(13:33 / Allies) tboyle1244: purple
(13:36 / Allies) tboyle1244: he can just fly over them...
(13:44 / Allies) GTA5BADREVIEWS: yellow ur a 40% player im a former #1 rank rt player
(13:59 / Allies) tboyle1244: what's your former name
(14:05 / Allies) tboyle1244: i've had this game since '04
(14:09 / Allies) tboyle1244: i know what im doing
(14:12 / Allies) GTA5BADREVIEWS: kodos_forsaken
(14:12 / Allies) tboyle1244: and this just seems retarded
(14:26 / Allies) tboyle1244: 388-236 and you were #1?
(14:28 / Allies) tboyle1244: hard to believe.
(14:45 / Allies) GTA5BADREVIEWS: thats my solo record jackass, rank 2
(15:00 / Allies) tboyle1244: 71-38 solo?
(15:07 / Allies) tboyle1244: so you won 75% and you were #1?
(15:22 / Allies) GTA5BADREVIEWS: dont argue with me
(15:24 / Allies) tboyle1244: and no we can't pass through?
(16:25 / Allies) tboyle1244: hey red
(16:30 / Allies) tboyle1244: how do you expect your aboms to get past the towers
(16:46 / Allies) nooberfett: im starting frosts
(16:47 / All) GTA5BADREVIEWS: im an idiot
(18:32 / Allies) GTA5BADREVIEWS: bring ur wyverns go ddamit yellow
(18:45 / Allies) tboyle1244: all the way down there
(18:46 / Allies) tboyle1244: yeah ill do that
(20:19 / Allies) GTA5BADREVIEWS: how about
(20:21 / Allies) GTA5BADREVIEWS: use your bm
(20:23 / Allies) GTA5BADREVIEWS: you clown
(20:45 / Allies) tboyle1244: honestly dude, shut the fuck up
(20:51 / Allies) nooberfett: calm down
(20:56 / Allies) GTA5BADREVIEWS: yea calm down yellow
(21:04 / Allies) nooberfett: both of u
(21:07 / Allies) tboyle1244: suck my left nut
(22:21 / All) GTA5BADREVIEWS: rate my strategy
(22:34 / All) jazzy3147: stupid
(22:58 / Allies) GTA5BADREVIEWS: kepe them back fool
(23:21 / Allies) GTA5BADREVIEWS: t[ red
(24:32 / Allies) tboyle1244: this is never going to end
(24:52 / Allies) tboyle1244: wtf.
(25:41 / Allies) nooberfett: they towering?
(25:49 / Allies) GTA5BADREVIEWS: probably lawl
(27:06 / Allies) GTA5BADREVIEWS: kill zepplin
(27:07 / Allies) GTA5BADREVIEWS: green
(27:28 / Allies) GTA5BADREVIEWS: b
(27:40 / Allies) GTA5BADREVIEWS: stay yellow
(27:42 / Allies) GTA5BADREVIEWS: we can kill blue
(29:08 / Allies) tboyle1244: they fucking suck
(29:14 / All) tboyle1244: GG
(30:37 / All) auitooliveira: gg
(30:45 / Allies) tboyle1244: well played purple, well played
(30:46 / All) GTA5BADREVIEWS: lawl
(30:49 / Allies) tboyle1244: respect to everyone
(30:58 / All) GTA5BADREVIEWS: im posting this replay
(31:04 / Allies) tboyle1244: on what
(31:06 / All) GTA5BADREVIEWS: everybody handled it inncorrectly
(31:13 / Allies) tboyle1244: yeah they got melee
(31:15 / Allies) tboyle1244: they fucking suck
(31:21 / All) GTA5BADREVIEWS: highperch
(31:26 / Allies) tboyle1244: purp
(31:30 / Allies) tboyle1244: gold please
(31:51 / Allies) tboyle1244: red
(32:38 / Allies) tboyle1244: green
(32:38 / Allies) tboyle1244: blink up there
(32:39 / Allies) tboyle1244: and i can bladestorm
(33:01 / Allies) tboyle1244: LOL
(33:02 / Allies) tboyle1244: green
(33:04 / Allies) tboyle1244: gold please
(33:23 / Allies) tboyle1244: coming red
(34:45 / Allies) tboyle1244: good idea or bad idea purp
(35:04 / Allies) GTA5BADREVIEWS: chims? good i guess
(35:16 / Allies) tboyle1244: good
(35:19 / Allies) tboyle1244: because 18 are on their way
(40:41 / Allies) tboyle1244: where are they like.. stacking up?
(40:51 / Allies) tboyle1244: green
(40:52 / Allies) tboyle1244: come on man
(40:56 / Allies) tboyle1244: err
(40:57 / Allies) tboyle1244: purple
(41:07 / Allies) tboyle1244: whose the real one purp?!
(42:02 / Allies) nooberfett: wtf
(42:16 / Allies) nooberfett: wtf r u doin
(42:17 / Allies) nooberfett: wow
(42:23 / Allies) nooberfett: killed my fucking frosts
(42:53 / All) tboyle1244: rofl
(42:59 / Allies) tboyle1244: brilliant
(43:18 / Allies) tboyle1244: absolutely genius purple
(43:59 / All) GTA5BADREVIEWS: pink u here
(44:30 / All) nexuslair: going to bath actually
(45:00 / Allies) nooberfett: peace bruh, ur fucking retarded
(48:23 / Allies) tboyle1244: i honestly don't really give a fuck
(51:47 / All) GTA5BADREVIEWS: well hello there
(61:15 / All) GTA5BADREVIEWS: you've been a bad boy pink
(62:09 / All) GTA5BADREVIEWS: i shall leave your fortress to the southeast unsieged
(62:19 / All) GTA5BADREVIEWS: i will allow you to stand trial
(62:33 / All) GTA5BADREVIEWS: the roman empire is merciful
(64:43 / All) nexuslair: K BYE
(64:49 / All) GTA5BADREVIEWS: u want win